 Dungeon Crawl Stone Soup version 0.26.1-11-gd32895ea62 (webtiles) character file.

Game seed: 992285399101521912

7166 nomophobia the Grappler (level 10, -7/94 HPs)
             Began as a Troll Monk on May 20, 2021.
             Was a High Priest of Cheibriados.
             Mangled by a basilisk (9 damage)
             ... while petrified by a basilisk
             ... on level 1 of the Lair of Beasts.
             The game lasted 01:04:49 (7552 turns).

nomophobia the Grappler (Troll Monk)                Turns: 7552, Time: 01:04:50

Health: -7/94      AC:  9    Str: 37    XL:     10   Next: 86%
Magic:  9/9        EV:  1    Int: 20    God:    Cheibriados [*****.]
Gold:   609        SH:  0    Dex: 27    Spells: 9/9 levels left

rFire    + . .     SeeInvis .     - Unarmed
rCold    . . .     Faith    .   (no shield)
rNeg     + + +     Spirit   .   g - +2 robe {rF+}
rPois    ∞         Reflect  .   (helmet restricted)
rElec    .         Harm     .   i - +0 cloak
rCorr    .         Rampage  .   (gloves unavailable)
Will     .....                  (boots unavailable)
Stlth    +++.......             (no amulet)
HPRegen  0.65/turn              (no ring)
MPRegen  0.11/turn              (no ring)

@: petrified, very slow
A: large, unfitting armour, claws 3, regeneration 1, shaggy fur 1, tough skin 3
a: Renounce Religion, Bend Time, Temporal Distortion, Slouch, Step From Time


You were on level 1 of the Lair of Beasts.
You worshipped Cheibriados.
Cheibriados was extremely pleased with you.
You visited 2 branches of the dungeon, and saw 9 of its levels.

You collected 609 gold pieces.

Inventory:

Armour
 a - a +1 robe
 g - a +2 robe of fire resistance (worn)
 i - a +0 cloak (worn)
Jewellery
 e - an uncursed ring of protection from fire
 l - an uncursed ring of ice
Scrolls
 c - 3 scrolls of remove curse
 n - 2 scrolls of blinking
 p - a scroll of immolation
 q - a scroll of fog
 r - a scroll of magic mapping
Potions
 d - a potion of ambrosia
 f - 3 potions of brilliance
 h - 2 potions of heal wounds
 j - 3 potions of flight
 k - a potion of might
 m - a potion of attraction
 t - a potion of lignification {unknown}


   Skills:
 - Level 4.8 Fighting
 * Level 9.8 Dodging
 - Level 1.7 Stealth
 * Level 11.5 Unarmed Combat


You had 9 spell levels left.
You didn't know any spells.
Your spell library contained the following spells:

 Spells                   Type           Power        Failure   Level
 Corona                   Hex            0%           19%         1
 Ensorcelled Hibernation  Hex/Ice        0%           28%         2
 Confusing Touch          Hex            0%           50%         3
 Dazzling Flash           Conj/Hex       0%           50%         3
 Tukima's Dance           Hex            0%           50%         3


Dungeon Overview and Level Annotations

Branches:
Dungeon (8/15)             Temple (0/1) D:4            Lair (1/6) D:8

Altars:
Ashenzari
Cheibriados
Dithmenos
Elyvilon
Fedhas
Okawaru
Ru
Trog
Uskayaw
Xom
The Shining One

Shops:
D:4 :   D:7 :*


Innate Abilities, Weirdness & Mutations

You are too large for most types of armour.
You have claws for hands.
Your natural rate of healing is unusually fast.
You are covered in fur. (AC +1)
You have extremely tough skin. (AC +3)


Message History

You resist with some effort.
You turn to flesh and can move again.
The basilisk gazes at you.
You are slowing down.
The basilisk gazes at you. You resist with some effort.
Your limbs are stiffening.
The basilisk bites you.
* * * LOW HITPOINT WARNING * * *
You have turned to stone.
The basilisk bites you.
* * * LOW HITPOINT WARNING * * *
The basilisk bites you!
* * * LOW HITPOINT WARNING * * *
The basilisk bites you.
* * * LOW HITPOINT WARNING * * *
The basilisk bites you.
* * * LOW HITPOINT WARNING * * *
The basilisk bites you but does no damage.
The basilisk bites you!!
You die...

....................(##.##
.#.......................#
.......##..#........$....#
.#....PP............P....##
.......P...#..............#
..#P.#.#.##...............###
..#...##..##.................
......#....#........$†.......
................@l.......P...
..#......................#...
............######.#.........
............# ###.....#...
............# ###...# ..
..#.........# ...# .
#.#...#......# ...#
............... ...!
......#........


You could see a basilisk.

Vanquished Creatures
  Harold (D:7)
  Erica (Lair:1)
  The ghost of Zeld the Chucker, a novice OpFi of Okawaru (D:6)
  2 cane toads (Lair:1)
  Maggie (D:7)
  2 komodo dragons (Lair:1)
  4 yaks (Lair:1)
  2 steam dragons (D:8)
  2 water moccasins (Lair:1)
  4 sky beasts
  An orc warrior (D:7)
  2 ice beasts (D:8)
  A black bear (D:6)
  2 centaurs
  7 ogres
  A necrophage (D:6)
  A big kobold (D:6)
  A bullfrog (D:8)
  A scorpion (D:5)
  4 killer bees (D:8)
  A howler monkey (D:7)
  A jelly (D:5)
  3 orc priests
  5 hounds
  6 orc wizards
  A bullfrog skeleton (D:6)
  2 iguanas
  Ijyb (D:3)
  5 worker ants
  A hound zombie (D:7)
  A spectral howler monkey (D:6)
  3 hound skeletons
  A mummy (D:4)
  A howler monkey zombie (D:7)
  2 worker ant zombies
  14 adders
  A howler monkey skeleton (D:4)
  A river rat (D:3)
  2 white imps (D:8)
  An ufetubus (D:8)
  An ooze (D:1)
  2 adder zombies
  An adder skeleton (D:6)
  4 worms
  5 dart slugs
  5 leopard geckos
  16 orcs
  3 giant cockroaches
  13 goblins
  11 hobgoblins
  11 jackals
  23 kobolds
  3 quokkas
  2 ball pythons (D:3)
  2 bats
  18 frilled lizards
  An orc zombie (D:4)
  A quokka skeleton (D:5)
  14 rats
230 creatures vanquished.

Vanquished Creatures (others)
  36 plants
36 creatures vanquished.

Grand Total: 266 creatures vanquished

Notes
Turn   | Place    | Note
-------+----------+-------------------------------------------
     0 | D:1      | nomophobia the Troll Monk began the quest for the Orb.
     0 | D:1      | Reached XP level 1. HP: 22/22 MP: 0/0
   156 | D:1      | Reached XP level 2. HP: 29/29 MP: 1/1
   442 | D:1      | Reached XP level 3. HP: 36/36 MP: 2/2
  1197 | D:2      | Reached XP level 4. HP: 44/44 MP: 3/3
  1873 | D:3      | Noticed Ijyb
  1874 | D:3      | Found a snail-covered altar of Cheibriados.
  1918 | D:3      | Killed Ijyb
  1983 | D:3      | Became a worshipper of Cheibriados the Contemplative
  1983 | D:3      | Reached * piety under Cheibriados
  1983 | D:3      | Reached ** piety under Cheibriados
  2279 | D:3      | Reached XP level 5. HP: 53/53 MP: 4/4
  2709 | D:4      | Reached skill level 4 in Unarmed Combat
  2818 | D:4      | Found a white marble altar of Elyvilon.
  3278 | D:4      | Reached *** piety under Cheibriados
  3348 | D:4      | Reached XP level 6. HP: 61/61 MP: 5/5
  3464 | D:4      | Found a staircase to the Ecumenical Temple.
  3530 | D:4      | Found Qoghu's Book Boutique.
  3880 | D:5      | Entered Level 5 of the Dungeon
  3888 | D:5      | Reached skill level 5 in Unarmed Combat
  3920 | D:5      | Reached XP level 7. HP: 66/70 MP: 6/6
  3935 | D:5      | Found an iron altar of Okawaru.
  3939 | D:5      | Found a broken altar of Ashenzari.
  3939 | D:5      | Found a shimmering altar of Xom.
  3947 | D:5      | Found a hide-covered altar of Uskayaw.
  3954 | D:5      | Found a bloodstained altar of Trog.
  4065 | D:5      | Found a blossoming altar of Fedhas.
  4177 | D:5      | Found a glowing golden altar of the Shining One.
  4212 | D:5      | Found a shadowy altar of Dithmenos.
  4423 | D:6      | Reached **** piety under Cheibriados
  4465 | D:6      | Found a transporter.
  4466 | D:6      | Noticed Zeld's ghost (novice OpFi)
  4476 | D:6      | Found a transporter.
  4485 | D:6      | Reached skill level 6 in Unarmed Combat
  4487 | D:6      | Reached skill level 5 in Dodging
  4487 | D:6      | Reached XP level 8. HP: 72/79 MP: 7/7
  4842 | D:6      | Reached ***** piety under Cheibriados
  4914 | D:6      | Reached skill level 7 in Unarmed Combat
  5237 | D:6      | Killed Zeld's ghost
  5243 | D:6      | Reached skill level 8 in Unarmed Combat
  5243 | D:6      | Reached XP level 9. HP: 84/87 MP: 8/8
  5334 | D:7      | Noticed Harold
  5345 | D:7      | Killed Harold
  5357 | D:7      | Reached skill level 9 in Unarmed Combat
  5550 | D:7      | Found Tesiol's Assorted Antiques.
  5656 | D:7      | Found Foducvib's Book Boutique.
  5942 | D:7      | Noticed Maggie
  5952 | D:7      | Killed Maggie
  6441 | D:8      | Reached XP level 10. HP: 91/94 MP: 9/9
  6466 | D:8      | Reached skill level 10 in Unarmed Combat
  6636 | D:8      | Found a staircase to the Lair.
  6702 | D:8      | Found a sacrificial altar of Ru.
  7202 | Lair:1   | Entered Level 1 of the Lair of Beasts
  7284 | Lair:1   | Noticed Erica
  7295 | Lair:1   | Killed Erica
  7349 | Lair:1   | Noticed a cane toad
  7421 | Lair:1   | Reached skill level 11 in Unarmed Combat
  7501 | Lair:1   | Killed a cane toad
  7511 | Lair:1   | Noticed a cane toad
  7514 | Lair:1   | Killed a cane toad
  7541 | Lair:1   | HP: 4/94 [basilisk (5)]
  7549 | Lair:1   | HP: 2/94 [basilisk (3)]
  7552 | Lair:1   | Mangled by a basilisk

Illustrated notes

Levels and vault maps discovered:
D:1:      minmay_arrival_radiant_lines, layout_basic
D:2:      minmay_inner_zag, layout_basic, minmay_lizard_pond
D:3:      layout_loops_ring, cheibriados_altar_1, portal_sewer_entry_b,
          uniq_ijyb
D:4:      layout_gridville, elyvilon_altar_5, temple_fountains, serial_shops,
          shop, nicolae_ossuary_entry_giza
D:5:      layout_rooms, lemuel_round_altar, grunt_temple_overflow_open,
          basic_altar, fedhas_altar_4
D:6:      kennysheep_kobold_camp, layout_basic, gammafunk_ghost_mausoleum
D:7:      layout_loops_corners, serial_shops, shop, kennysheep_small_square,
          uniq_harold, uniq_maggie
D:8:      layout_loops_ring, nicolae_ru_great_annihilating_truth,
          lair_entry_dummy, enter_bailey_5, dk_noncrumbling_2,
          serial_park_tiny_1, hangedman_misty_isle
Lair:1:   layout_gridlike, serial_bayou_shore_b, grunt_megastairs_3,
          lemuel_fruit_fields, minmay_lair_oklob_chamber, uniq_erica

Skill      XL: |  1  2  3  4  5  6  7  8  9 10 |
---------------+-------------------------------+-----
Fighting       | 3 4 |  4.8
Dodging        | 3 4 5 6 8 9 |  9.8
Unarmed Combat | 4 5 6 8 9 11 | 11.5
Stealth        | |  1.7

Action                   |  1- 3 |  4- 6 |  7- 9 | 10-12 || total
-------------------------+-------+-------+-------+-------++-------
Melee: Unarmed           |    87 |   197 |   244 |    96 ||   624
       Punch             |     2 |     6 |    15 |     6 ||    29
  Use: Scroll            |     6 |     5 |     5 |     8 ||    24
 Stab: Sleeping          |     4 |    12 |     2 |     2 ||    20
       Distracted        |       |       |       |     1 ||     1
       Invisible         |       |       |       |     1 ||     1
Armor: Robe              |    20 |    51 |    59 |    29 ||   159
Dodge: Dodged            |    37 |   107 |   135 |   145 ||   424
